 Dungeon Crawl Stone Soup version 0.18.1-48-g4cf74bf (webtiles) character file.

168 TuxedoFelix the Covered (level 5, -5/45 HPs)
             Began as a Minotaur Fighter on July 22, 2016.
             Was an Initiate of Ru.
             Slain by Grinder (7 damage)
             ... while paralysed by Grinder
             ... on level 3 of the Dungeon.
             The game lasted 00:14:48 (2791 turns).

TuxedoFelix the Covered (Minotaur Fighter)          Turns: 2791, Time: 00:14:49

Health: -5/45      AC:  8    Str: 27    XL:     5   Next: 24%
Magic:  4/4        EV:  2    Int:  5    God:    Ru [......]
Gold:   115        SH:  0    Dex:  9    Spells: 0 memorised, 4 levels left

rFire  . . .     SeeInvis .     a - +0 war axe
rCold  . . .     Gourm    .     b - +0 scale mail
rNeg   . . .     Faith    .     c - +0 shield
rPois  .         Spirit   .     (helmet restricted)
rElec  .         Dismiss  .     (no cloak)
rCorr  .         Reflect  .     (no gloves)
SustAt .         Harm     .     q - +0 pair of boots
MR     .....                    (no amulet)
Stlth  ..........               (no ring)
                                (no ring)

@: paralysed, mighty, not resistant to hostile enchantments, extremely
unstealthy
A: retaliatory headbutt, horns 2
a: Renounce Religion


You were on level 3 of the Dungeon.
You worshipped Ru.
Ru was noncommittal.
You were not hungry.

You visited 1 branch of the dungeon, and saw 3 of its levels.

You collected 115 gold pieces.

Inventory:

Hand Weapons
 a - a +0 war axe (weapon)
Armour
 b - a +0 scale mail (worn)
 c - a +0 shield (worn)
 q - a +0 pair of boots (worn)
Jewellery
 n - an uncursed ring of ice {unknown}
Scrolls
 e - a scroll of immolation {unknown}
 h - 3 scrolls of remove curse
 k - a scroll of fog {unknown}
 l - 2 scrolls of recharging
 m - a scroll of teleportation {unknown}
 o - a scroll of noise {unknown}
Potions
 i - a potion of curing
 j - 2 potions of flight {unknown}
 p - a potion of heal wounds {unknown}
Comestibles
 f - a bread ration
 g - 2 slices of pizza
 r - a meat ration


   Skills:
 - Level 3.6 Fighting
 * Level 4.4 Axes
 * Level 5.1 Armour
 * Level 4.8 Shields


You had 4 spell levels left.
You didn't know any spells.

Dungeon Overview and Level Annotations

Branches:
Dungeon (3/15)

Altars:
Cheibriados
Dithmenos
Makhleb
Ru
Xom
The Shining One

Annotations:
D:3 Grinder


Innate Abilities, Weirdness & Mutations

You reflexively headbutt those who attack you in melee.
You have a pair of horns on your head.


Message History

Grinder hits you but does no damage.
Grinder blinks!
You can move again.
Grinder hits you but does no damage.
You closely miss Grinder. Your headbutt misses Grinder.
You block Grinder's attack.
You closely miss Grinder. You headbutt Grinder, but do no damage.
Grinder closely misses you. Grinder hits you but does no damage.
You completely miss Grinder. Grinder gestures at you.
You suddenly lose the ability to move!
Grinder hits you but does no damage. Grinder hits you!
* * * LOW HITPOINT WARNING * * *
You writhe in agony.
* * * LOW HITPOINT WARNING * * *
Grinder gestures at you.
You shrug off the repeated paralysis!
Grinder hits you!
You die...

#. #. #.## ######..
#....#.# #.##.#. #
#......###.####
#..5.##.......# #.
#@##)#############
#..#>................
#.......#############
##...#### ####
........ #...
.......... #...
...<....... #...
#...#....... #...
#............ #...


You could see Grinder.

Vanquished Creatures
  Crazy Yiuf (D:2)
  Jessica (D:3)
  5 adders
  An ooze (D:2)
  A worm (D:2)
  2 dart slugs (D:2)
  4 giant geckos
  An orc (D:3)
  3 giant cockroaches
  3 goblins
  5 hobgoblins (D:1)
  8 kobolds
  3 quokkas (D:2)
  8 bats
  4 giant newts
  6 rats
56 creatures vanquished.

Notes
Turn   | Place    | Note
--------------------------------------------------------------
     0 | D:1      | TuxedoFelix the Minotaur Fighter began the quest for the Orb.
     0 | D:1      | Reached XP level 1. HP: 19/19 MP: 0/0
   332 | D:1      | Reached XP level 2. HP: 22/26 MP: 1/1
   388 | D:1      | Reached skill level 4 in Armour
   881 | D:1      | Reached XP level 3. HP: 31/31 MP: 2/2
  1331 | D:2      | Reached XP level 4. HP: 30/39 MP: 3/3
  1636 | D:2      | Found a shadowy altar of Dithmenos.
  1979 | D:2      | Found a sacrificial altar of Ru.
  1988 | D:2      | Became a worshipper of Ru the Awakened
  2196 | D:2      | Found a shimmering altar of Xom.
  2196 | D:2      | Found a burning altar of Makhleb.
  2371 | D:2      | Noticed Crazy Yiuf
  2380 | D:2      | Killed Crazy Yiuf
  2619 | D:3      | Found a glowing golden altar of the Shining One.
  2626 | D:3      | Noticed Jessica
  2637 | D:3      | Killed Jessica
  2637 | D:3      | Reached skill level 5 in Armour
  2637 | D:3      | Reached XP level 5. HP: 45/45 MP: 4/4
  2641 | D:3      | Found a snail-covered altar of Cheibriados.
  2732 | D:3      | Noticed Grinder
  2736 | D:3      | Paralysed by Grinder for 6 turns
  2754 | D:3      | Paralysed by Grinder for 5 turns
  2769 | D:3      | Paralysed by Grinder for 7 turns
  2778 | D:3      | Paralysed by Grinder for 4 turns
  2787 | D:3      | Paralysed by Grinder for 7 turns
  2789 | D:3      | HP: 1/45 [Grinder (5)]
  2791 | D:3      | Slain by Grinder

Skill      XL: |  1  2  3  4 |
---------------+-------------+-----
Armour         | 4 5 |  5.1
Axes           | 3 4 |  4.4
Shields        | 4 |  4.8
Fighting       | |  3.6

Action                   |  1- 3 |  4- 6 || total
-------------------------+-------+-------++-------
Melee: War axe           |    94 |    84 ||   178
       Headbutt          |    11 |     9 ||    20
  Use: Scroll            |       |     3 ||     3
       Potion            |       |     3 ||     3
  Eat: Bread ration      |     1 |     1 ||     2
Armor: Scale mail        |    47 |    53 ||   100
Dodge: Dodged            |    30 |    22 ||    52
Block: Shield            |    54 |    39 ||    93
